 Dungeon Crawl Stone Soup version 0.30-a0-622-gddc90eaa04 (webtiles) character file.

Game seed: 13148322270165587279

199 PyroL the Skirmisher (level 5, 0/43 HPs)
             Began as a Gnoll Hunter on Jan 10, 2023.
             Slain by a black bear (4 damage)
             ... on level 4 of the Dungeon.
             The game lasted 00:05:20 (2645 turns).

PyroL the Skirmisher (Gnoll Hunter)                 Turns: 2645, Time: 00:05:20

Health: 0/43       AC:  3    Str: 12    XL:     5   Next: 77%
Magic:  0/7        EV: 14    Int:  9    God:
Gold:   206        SH:  0    Dex: 17    Spells: 7/7 levels left

rFire   . . .      SeeInvis .    q - +6 flail "Foebisku" {flame, *Rage Will+ Dex+2}
rCold   . . .      Faith    .    (no shield)
rNeg    . . .      Spirit   +    c - +0 leather armour
rPois   .          Reflect  .    (no helmet)
rElec   .          Harm     .    s - scarf {repulsion}
rCorr   .          Rampage  .    (no gloves)
Will    +....      Rage     20%  (no boots)
Stlth   ++                       n - amulet of guardian spirit
HPRegen 0.27/turn                k - ring of flight
MPRegen 0.10/turn                (no ring)

@: on berserk cooldown, flying, slowed, repel missiles, very slow
A: fangs 1, strong nose, distributed training
a: no special abilities


You were on level 4 of the Dungeon.
You visited 1 branch of the dungeon, and saw 4 of its levels.

You collected 206 gold pieces.

Inventory:

Hand Weapons
 a - a +0 shortbow
 d - a +2 dagger of speed
 q - the +6 flail "Foebisku" (weapon) {flame, *Rage Will+ Dex+2}
   (You found it on level 2 of the Dungeon)

   Dex:       It affects your dexterity (+2).
   *Rage:     It berserks you when you make melee attacks (+20% chance).
   Will:      It increases your willpower.
Missiles
 m - 21 poisoned darts (quivered)
 x - 4 datura-tipped darts
Armour
 c - a +0 leather armour (worn)
 s - a scarf of repulsion (worn)
Jewellery
 k - a ring of flight (left hand)
 n - an amulet of guardian spirit (around neck)
 u - an amulet of regeneration
Scrolls
 b - 3 scrolls of immolation
 e - a scroll of teleportation
 g - 7 scrolls of identify {unknown}
 i - a scroll of amnesia {unknown}
 j - a scroll of poison {unknown}
 o - a scroll of fog {unknown}
 p - a scroll of summoning {unknown}
 r - 2 scrolls of noise {unknown}
 v - a scroll of enchant weapon {unknown}
Potions
 f - 2 potions of curing {unknown}
 h - a potion of resistance {unknown}
 l - a potion of haste {unknown}
 t - a potion of degeneration {unknown}
 w - a potion of might {unknown}
 z - 2 potions of flight


   Skills:
 + Level 4.9 Fighting
 + Level 1.7 Short Blades
 + Level 1.7 Long Blades
 + Level 1.7 Axes
 + Level 1.7 Maces & Flails
 + Level 1.7 Polearms
 + Level 1.7 Staves
 + Level 8.7 Ranged Weapons
 + Level 1.7 Throwing
 + Level 1.7 Armour
 + Level 4.9 Dodging
 + Level 2.9 Stealth
 + Level 1.7 Shields
 + Level 1.7 Unarmed Combat
 + Level 1.7 Spellcasting
 + Level 1.3 Conjurations
 + Level 1.3 Hexes
 + Level 1.3 Summonings
 + Level 1.3 Necromancy
 + Level 1.3 Translocations
 + Level 1.3 Transmutations
 + Level 1.3 Fire Magic
 + Level 1.3 Ice Magic
 + Level 1.3 Air Magic
 + Level 1.3 Earth Magic
 + Level 1.3 Poison Magic
 + Level 1.9 Invocations
 + Level 1.7 Evocations


You had 7 spell levels left.
You didn't know any spells.
Your spell library contained the following spells:

 Spells                   Type           Power      Damage    Failure   Level
 Apportation              Tloc           6%         N/A       26%         1
 Shock                    Conj/Air       12%        1d3       26%         1
 Scorch                   Fire           6%         2d5       36%         2
 Swiftness                Air            3%         N/A       58%         3
 Airstrike                Air            1%         2d(1-17)  94%         4
 Flame Wave               Conj/Fire      3%         2d5       94%         4
 Alistair's Intoxication  Tmut/Pois      2%         N/A       100%        5
 Summon Cactus Giant      Summ           1%         N/A       100%        6


Dungeon Overview and Level Annotations

Branches:
Dungeon (4/15)
 Temple: D:4-7

Altars:
Ashenzari
Sif Muna

Shops:
D:2 *


Innate Abilities, Weirdness & Mutations

You have very sharp teeth.
Your uncanny sense of smell can sniff out nearby items.
Your experience applies equally to all skills.


Message History

You kill the ball python!
A black bear is nearby!
A black bear is nearby!
You sock the black bear! You burn the black bear.
The black bear is moderately wounded.
The black bear barely misses you. x2; The black bear claws you.
The black bear bites you! The black bear claws you. x2
You barely miss the black bear.
The black bear is moderately wounded.
The black bear bites you! The black bear claws you.
* * * LOW HITPOINT WARNING * * *
The black bear misses you.
The black bear bites you but does no damage.
The black bear claws you.
* * * LOW HITPOINT WARNING * * *
The black bear claws you.
* * * LOW HITPOINT WARNING * * *
An iguana comes into view.
You are too injured to fight recklessly!
The iguana hisses angrily.
You sock the black bear! You burn the black bear.
The black bear is severely wounded.
The black bear closely misses you. The black bear barely misses you.
The black bear misses you.
The black bear goes berserk!
You closely miss the black bear.
The black bear is severely wounded.
The black bear bites you!
* * * LOW HITPOINT WARNING * * *
The black bear closely misses you. The black bear claws you.
* * * LOW HITPOINT WARNING * * *
The black bear bites you.
* * * LOW HITPOINT WARNING * * *
The black bear closely misses you. The black bear misses you.
The black bear barely misses you. The black bear claws you.
* * * LOW HITPOINT WARNING * * *
The black bear barely misses you.
It was a potion of flight.
You feel more buoyant. The black bear barely misses you.
The black bear claws you.
You die...

###### ...(∆
#######..# #
∆
.........#.#
#..<..#
###..#####
###..........
∆
#............
#.@h≈l≈§≈≈§.≈
#...§......§≈
#...≈.≈...≈.≈
#...≈.≈._.≈.§
#...≈.≈...≈.
#...§§§§....
#...≈.§§§§≈
##+..§§..§
##.#.#


You could see a black bear (berserk) and an iguana.

Vanquished Creatures
  A howler monkey (D:3)
  An orc priest (D:3)
  2 orc wizards (D:3)
  2 adders
  A worm (D:2)
  A dart slug (D:3)
  6 orcs (D:3)
  5 endoplasms
  3 giant cockroaches
  5 goblins
  3 hobgoblins
  4 jackals (D:1)
  13 kobolds
  4 quokkas
  3 ball pythons
  7 bats
  2 frilled lizards
  6 rats
69 creatures vanquished.

Notes
Turn   | Place    | Note
-------+----------+-------------------------------------------
     0 | D:1      | PyroL the Gnoll Hunter began the quest for the Orb.
     0 | D:1      | Reached XP level 1. HP: 20/20 MP: 1/1
   129 | D:1      | Reached XP level 2. HP: 26/26 MP: 2/2
   342 | D:1      | Reached XP level 3. HP: 31/31 MP: 3/3
   547 | D:1      | Reached skill level 1 in Invocations
   864 | D:2      | Found Vesyruuh's Assorted Antiques.
  1405 | D:2      | Reached skill level 1 in Short Blades
  1405 | D:2      | Reached skill level 1 in Long Blades
  1405 | D:2      | Reached skill level 1 in Axes
  1405 | D:2      | Reached skill level 1 in Maces & Flails
  1405 | D:2      | Reached skill level 1 in Polearms
  1405 | D:2      | Reached skill level 1 in Staves
  1405 | D:2      | Reached skill level 1 in Throwing
  1405 | D:2      | Reached skill level 1 in Armour
  1405 | D:2      | Reached skill level 1 in Shields
  1405 | D:2      | Reached skill level 1 in Unarmed Combat
  1405 | D:2      | Reached skill level 1 in Spellcasting
  1405 | D:2      | Reached skill level 1 in Evocations
  1485 | D:2      | Identified the +6 flail "Foebisku" {flame, *Rage Will+
                  | Dex+2}
  1945 | D:3      | Found a broken altar of Ashenzari.
  2048 | D:3      | Reached XP level 4. HP: 31/38 MP: 5/5
  2060 | D:3      | Reached skill level 1 in Conjurations
  2060 | D:3      | Reached skill level 1 in Hexes
  2060 | D:3      | Reached skill level 1 in Summonings
  2060 | D:3      | Reached skill level 1 in Necromancy
  2060 | D:3      | Reached skill level 1 in Translocations
  2060 | D:3      | Reached skill level 1 in Transmutations
  2060 | D:3      | Reached skill level 1 in Fire Magic
  2060 | D:3      | Reached skill level 1 in Ice Magic
  2060 | D:3      | Reached skill level 1 in Air Magic
  2060 | D:3      | Reached skill level 1 in Earth Magic
  2060 | D:3      | Reached skill level 1 in Poison Magic
  2069 | D:3      | Reached XP level 5. HP: 14/43 MP: 2/7
  2631 | D:4      | Found a shimmering blue altar of Sif Muna.
  2635 | D:4      | Noticed a black bear
  2645 | D:4      | Slain by a black bear

Illustrated notes

Levels and vault maps discovered:
D:1:      sevenhm_arrival_forest_fort_small_3, layout_basic
D:2:      layout_loops_corners, serial_shops, shop
D:3:      minmay_bubble_buster, layout_rooms, nicolae_ashenzari_skybound
D:4:      layout_basic, mainiacjoe_overflow_cross_hatched, minitemple

Skill      XL: |  1  2  3  4 |
---------------+-------------+-----
Invocations    | 1 |  1.9
Short Blades   | 1 |  1.7
Long Blades    | 1 |  1.7
Axes           | 1 |  1.7
Maces & Flails | 1 |  1.7
Polearms       | 1 |  1.7
Staves         | 1 |  1.7
Throwing       | 1 |  1.7
Armour         | 1 |  1.7
Shields        | 1 |  1.7
Unarmed Combat | 1 |  1.7
Spellcasting   | 1 |  1.7
Evocations     | 1 |  1.7
Conjurations   | 1 |  1.3
Hexes          | 1 |  1.3
Summonings     | 1 |  1.3
Necromancy     | 1 |  1.3
Translocations | 1 |  1.3
Transmutations | 1 |  1.3
Fire Magic     | 1 |  1.3
Ice Magic      | 1 |  1.3
Air Magic      | 1 |  1.3
Earth Magic    | 1 |  1.3
Poison Magic   | 1 |  1.3
Fighting       | |  4.9
Ranged Weapons | |  8.7
Dodging        | |  4.9
Stealth        | |  2.9

Action                   |  1- 3 |  4- 6 || total
-------------------------+-------+-------++-------
Melee: Dagger            |    99 |       ||    99
       Bite              |     8 |     3 ||    11
       Flail             |    14 |    35 ||    49
       Punch             |     1 |       ||     1
 Fire: Shortbow          |    10 |       ||    10
  Use: Scroll            |     1 |       ||     1
       Potion            |       |     1 ||     1
 Stab: Sleeping          |     7 |     6 ||    13
Armor: Leather armour    |    16 |     8 ||    24
Dodge: Dodged            |    65 |    21 ||    86
       Repelled          |       |     1 ||     1

Table legend: (Time is in decaauts)
 A = Elapsed time spent in this place.
 B = Non-inter-level travel time spent in this place.
 C = Inter-level travel time spent in this place.
 D = Time resting spent in this place.
 E = Time spent auto-exploring this place.
 F = Levels seen in this place.
 G = Mean time per level.
                   A        B        C        D        E       F      G
               +--------+--------+--------+--------+--------+-----+--------+
         Total |   2655 |   2594 |     61 |    284 |   1800 |   4 |  663.8 |
       Dungeon |   2655 |   2594 |     61 |    284 |   1800 |   4 |  663.8 |
               +--------+--------+--------+--------+--------+-----+--------+

Top non-repeatable levels by time:
     D:3: 1040 daAuts
     D:2: 975 daAuts
     D:1: 621 daAuts
     D:4: 19 daAuts
